 Dungeon Crawl Stone Soup version 0.28.0-53-g5a82cb258f (webtiles) character file.

Game seed: 3103248661897270573

123 gobodom the Skirmisher (level 4, -8/35 HPs)
             Began as a Demonspawn Cinder Acolyte on June 21, 2022.
             Was a High Priest of Ignis.
             Mangled by an orc priest
             ... wielding a +0 war axe
              (10 damage)
             ... on level 3 of the Dungeon.
             The game lasted 00:08:36 (3611 turns).

gobodom the Skirmisher (Demonspawn Cinder Acolyte)  Turns: 3611, Time: 00:08:37

Health: -8/35      AC:  3    Str: 14    XL:     4   Next: 79%
Magic:  5/6        EV: 11    Int: 15    God:    Ignis [*****.]
Gold:   37         SH:  5    Dex: 11    Spells: 4/6 levels left

rFire   + . .      SeeInvis .   a - -1 hand axe (flame)
rCold   . . .      Faith    .   (no shield)
rNeg    . . .      Spirit   .   b - +0 robe
rPois   .          Reflect  +   (no helmet)
rElec   .          Harm     .   (no cloak)
rCorr   .          Rampage  .   k - +0 pair of gloves
Will    .....                   (no boots)
Stlth   ++........              i - amulet of reflection
HPRegen 0.11/turn               (no ring)
MPRegen 0.20/turn               (no ring)

@: no status effects
A: magic regeneration, sturdy frame 1, weakness stinger 1
a: Renounce Religion, Fiery Armour, Foxfire Swarm, Rising Flame


You were on level 3 of the Dungeon.
You worshipped Ignis.
Ignis was extremely pleased with you.
You visited 1 branch of the dungeon, and saw 3 of its levels.

You collected 37 gold pieces.

Inventory:

Hand Weapons
 a - a -1 hand axe of flaming (weapon)
 c - a +0 dagger of venom
Missiles
 d - a throwing net
 j - 6 boomerangs
Armour
 b - a +0 robe (worn)
 k - a +0 pair of gloves (worn)
Jewellery
 i - an amulet of reflection (around neck)
Wands
 p - a wand of flame (22)
Scrolls
 h - a scroll of identify {unknown}
 m - a scroll of amnesia
 n - a scroll of brand weapon
 q - a scroll of fear {unknown}
 s - a scroll of silence {unknown}
 t - a scroll of torment {unknown}
Potions
 e - a potion of might {unknown}
 f - a potion of degeneration {unknown}
 g - a potion of brilliance {unknown}
 l - 2 potions of lignification {unknown}
 o - a potion of curing {unknown}
 r - a potion of cancellation {unknown}


   Skills:
 + Level 3.4 Fighting
 + Level 3.3 Axes
 + Level 0.7 Dodging
 + Level 2.1 Stealth
 + Level 1.7 Spellcasting
 + Level 3.1 Fire Magic


You had 4 spell levels left.
You knew the following spells:

 Your Spells              Type           Power      Damage    Failure   Level
a - Scorch                Fire           20%        2d6       10%         2

Your spell library contained the following spells:

 Spells                   Type           Power      Damage    Failure   Level
 Freeze                   Ice            4%         1d3       22%         1
 Frozen Ramparts          Ice            2%         1d2       56%         3
 Hailstorm                Conj/Ice       1%         3d3       92%         4


Dungeon Overview and Level Annotations

Branches:
Dungeon (3/15)

Altars:
The Shining One


Innate Abilities, Weirdness & Mutations

You regenerate magic rapidly.
Your movements are slightly less encumbered by armour. (ER -2)
You have a small tail.


Message History

You block the orc's attack.
You hit the orc but do no damage. The orc closely misses you.
You closely miss the orc. You block the orc's attack.
Your magical contamination has completely faded away.
You hit the orc. You burn the orc.
The orc is heavily wounded.
The orc closely misses you.
You barely miss the orc. You tail-slap the orc.
The orc is almost dead.
The orc closely misses you. The orc hits you with a +0 dagger.
You hit the orc. You burn the orc.
You kill the orc!
You barely miss the orc priest. You block the orc priest's attack.
The orc priest hits you with a +0 war axe.
You barely miss the orc priest.
The orc priest hits you but does no damage.
You hit the orc priest but do no damage.
You block the orc priest's attack.
You hit the orc priest. You burn the orc priest. You tail-slap the orc priest.
The orc priest is heavily wounded.
The orc priest invokes the aid of Beogh against you.
Beogh smites you!
You barely miss the orc priest.
The orc priest is heavily wounded.
The orc priest hits you with a +0 war axe!
You hit the orc priest but do no damage.
You tail-slap the orc priest.
The orc priest is severely wounded.
You block the orc priest's attack.
You hit the orc priest. You burn the orc priest.
Your tail-slap misses the orc priest.
The orc priest is almost dead.
The orc priest hits you with a +0 war axe!
* * * LOW HITPOINT WARNING * * *
Aiming: Throw Flame
Press: ? - help, Q - select action, (/) - cycle Shift-Dir - straight line, f - orc priest
Aim: an orc priest, wielding a +0 war axe (almost dead, 68% to hit)
The puff of flame misses the orc priest.
The orc priest hits you with a +0 war axe!
You die...

#### .... ####
####### #.o@..#
#.###.# # #.#
#.# #### #.#
#.###########...
#o#
#...............
#o#
########.####...
.).
..........##...
#o#
#######.#.###.#


r.o ..#.# #.# You could see an orc priest.

Vanquished Creatures
  An orc wizard (D:3)
  5 adders
  4 worms (D:2)
  2 dart slugs
  3 orcs (D:3)
  2 ball pythons
  5 endoplasms
  A giant cockroach (D:3)
  2 goblins (D:1)
  4 hobgoblins
  2 quokkas
  3 bats (D:2)
  2 frilled lizards
  A kobold (D:1)
  A rat (D:3)
38 creatures vanquished.

Notes
Turn   | Place    | Note
-------+----------+-------------------------------------------
     0 | D:1      | gobodom the Demonspawn Cinder Acolyte began the quest for
                  | the Orb.
     0 | D:1      | Reached XP level 1. HP: 18/18 MP: 2/2
   568 | D:1      | Found a faded altar of an unknown god.
  1094 | D:1      | Gained mutation: Your movements are slightly less
                  | encumbered by armour. (ER -2) [demonic ancestry]
  1094 | D:1      | Reached XP level 2. HP: 21/24 MP: 3/3
  1652 | D:2      | Reached skill level 1 in Stealth
  1851 | D:2      | Gained mutation: You regenerate magic rapidly. [demonic
                  | ancestry]
  1851 | D:2      | Reached XP level 3. HP: 23/29 MP: 4/4
  2141 | D:2      | Learned a level 2 spell: Scorch
  3107 | D:2      | Gained mutation: You have a small tail. [demonic ancestry]
  3107 | D:2      | Reached XP level 4. HP: 35/35 MP: 0/5
  3611 | D:3      | Mangled by an orc priest

Illustrated notes

Levels and vault maps discovered:
D:1:      dpeg_arrival_orchard, layout_loops_cross,
          chequers_ecumenical_altar_simple, minmay_misc_feat_cross
D:2:      layout_loops_ring, basic_altar, minmay_box_of_dots
D:3:      layout_basic

Skill      XL: |  1  2  3  4 |
---------------+-------------+-----
Axes           | 3 |  3.3
Fire Magic     | 3 |  3.1
Stealth        | 1 2 |  2.1
Fighting       | |  3.4
Dodging        | |  0.7
Spellcasting   | |  1.7

Action                   |  1- 3 |  4- 6 || total
-------------------------+-------+-------++-------
Melee: Hand axe          |   106 |    23 ||   129
       Punch             |     2 |       ||     2
       Tailslap          |       |     4 ||     4
 Cast: Scorch            |    13 |     9 ||    22
Evoke: Wand              |       |     1 ||     1
  Use: Scroll            |     4 |       ||     4
 Stab: Sleeping          |     1 |       ||     1
Armor: Robe              |    19 |     3 ||    22
Dodge: Dodged            |    44 |     9 ||    53
Block: Other             |     3 |     6 ||     9
       Reflection        |       |     1 ||     1
